 Dungeon Crawl Stone Soup version 0.16.2-12-gd0ad4c3 (webtiles) character file.

50243 Shlakoblock the Severer (level 14, -4/129 HPs)
             Began as a Minotaur Fighter on Oct 1, 2015.
             Was a High Priest of Okawaru.
             Killed from afar by a fire giant (61 damage)
             ... with a bolt of fire
             ... on level 15 of the Dungeon on Oct 24, 2015.
             The game lasted 04:02:26 (28676 turns).

Shlakoblock the Severer (Minotaur Fighter)         Turns: 28676, Time: 04:02:26

Health: -4/129     AC: 24    Str: 23    XL:     14   Next: 19%
Magic:  6/6        EV:  7    Int: 19    God:    Okawaru [*****.]
Gold:   1369       SH: 17    Dex: 10    Spells: 0 memorised, 13 levels left

rFire  x . .     SeeInvis .     Y - +7 broad axe "Mimnit" {chop, +Inv rElec Str-3 Int+4 Stlth+}
rCold  . . .     Clarity  +     j - +1 plate armour
rNeg   . . .     SustAb   +     l - +3 shield of Baldness {+Inv rF- Int+6 Stlth-}
rPois  .         Gourm    .     (helmet restricted)
rElec  +         Spirit   .     q - +0 cloak
rCorr  .         Warding  .     V - +0 pair of gloves
rMut   .         Stasis   .     F - +2 pair of boots {Stlth+}
MR     +....                    W - amulet of clarity
Stlth  ..........               o - ring of sustain abilities
                                g - +4 ring of intelligence

@: somewhat resistant to hostile enchantments, extremely unstealthy
A: retaliatory headbutt, horns 2
a: Heroism, Finesse, Renounce Religion, Evoke Invisibility


You were on level 15 of the Dungeon.
You worshipped Okawaru.
Okawaru was extremely pleased with you.
You were hungry.

You visited 3 branches of the dungeon, and saw 20 of its levels.

You collected 2333 gold pieces.
You spent 964 gold pieces at shops.

Inventory:

Hand weapons
 J - a +0 flail
 Y - the +7 broad axe "Mimnit" (weapon) {chop, +Inv rElec Str-3 Int+4 Stlth+}
   (Okawaru gifted it to you on level 13 of the Dungeon)

   It inflicts extra damage upon your enemies.
   It affects your strength (-3).
   It affects your intelligence (+4).
   It insulates you from electricity.
   It lets you turn invisible.
   It makes you more stealthy.
Armour
 j - a +1 plate armour (worn)
 l - the +3 shield of Baldness (worn) {+Inv rF- Int+6 Stlth-}
   (Okawaru gifted it to you on level 4 of the Orcish Mines)

   It affects your intelligence (+6).
   It makes you vulnerable to fire.
   It lets you turn invisible.
   It makes you less stealthy.
 q - a +0 cloak (worn)
 F - a +2 pair of boots of stealth (worn)
 V - a +0 pair of gloves (worn)
Jewellery
 g - a +4 ring of intelligence (left hand)
 o - a ring of sustain abilities (right hand)
 A - a cursed amulet of inaccuracy {unknown}
 P - a +3 ring of intelligence
 R - an uncursed ring of invisibility
 W - an amulet of clarity (around neck)
Scrolls
 e - 2 scrolls of magic mapping
 f - 2 scrolls of blinking
 i - a scroll of enchant armour
 m - a scroll of teleportation
 s - 6 scrolls of remove curse
 u - 2 scrolls of enchant weapon
 v - a scroll of fear
 G - a scroll of holy word
 H - 2 scrolls of amnesia
 K - 4 scrolls of identify
 L - a scroll of recharging
 N - a scroll of fog
 T - a scroll of brand weapon {unknown}
 U - a scroll of silence {unknown}
Potions
 a - a potion of berserk rage
 b - 2 potions of cancellation {unknown}
 h - a potion of heal wounds
 n - 2 potions of resistance
 r - 5 potions of agility
 C - a potion of magic
 I - a potion of might
 O - a potion of haste
 Q - 3 potions of brilliance
 S - a potion of curing
Comestibles
 d - 15 bread rations
 k - 12 meat rations
 x - 21 fruits
 B - 14 beef jerkies


   Skills:
 + Level 13.4 Fighting
 + Level 16.1 Axes
 - Level 0.5(10.8) Maces & Flails
 + Level 14.3 Armour
 + Level 15.0 Shields
 + Level 0.8 Invocations


You had 13 spell levels left.
You didn't know any spells.

Dungeon Overview and Level Annotations

Branches:
Dungeon (15/15)            Temple (0/1) D:5            Lair (1/8) D:9
    Orc (4/4) D:10            Elf (0/3) Orc:4        Vaults (0/5) D:13
 Depths (0/5) D:15

Altars:
Cheibriados
Dithmenos
Fedhas
Gozag
Kikubaaqudgha
Makhleb
Nemelex Xobeh
Okawaru
Qazlal
Sif Muna
Vehumet
Yredelemnul
Zin
Beogh

Shops:
D:7 [   D:13 }?[   Orc:2 [   Orc:4 }

Annotations:
D:9 exclusion: oklob plant
D:13 exclusion: 2 statues
Orc:4 Saint Roka


Innate Abilities, Weirdness & Mutations

You reflexively headbutt those who attack you in melee.
You have a pair of horns on your head.


Message History

You drop a wand of digging.
You drop a wand of fireball {zapped: 2}.
You drop a wand of magic darts {zapped: 6}.
You drop a wand of cold.
b - 2 yellow potions
Found a staircase to the Depths.
A fire giant comes into view.
It is wielding a great sword of flaming.
A fire giant is nearby!
The fire giant is too close now for your liking.
The fire giant points at you and mumbles some strange words.
The fireball explodes!
The fireball engulfs you! The fire burns you terribly!
The fire giant points at you and mumbles some strange words.
The bolt of fire hits you! The fire burns you terribly!
Found a scroll of identify.
The fire giant casts a spell at you. The bolt of fire hits you!
The fire burns you terribly!
Found a potion of poison.
The fire giant points at you and mumbles some strange words.
The bolt of fire hits you! The fire burns you terribly!
You die...

.................................
.......######....................
#####..# #...#########.#####..
.......######.............####...
...............................≈§
.#####...........#######..C...§≈#
.* #.[.######..# #..###.§≈≈
.#####...# #..# #..###..≈≈
.........######.@#######......≈.≈
......................C........≈.
.......(...........?..........≈§≈
...<....#######..########.###..≈#
........# #..# #.# *..§≈
........# #..# #.# *#.,,
........# #.!# #.# **,,
........#*****#..#******#.#******
..........,,,,....,,,,,,,.,,,,,,,


You could see a fire giant.

Vanquished Creatures
  An orc warlord (Orc:3)
  Gastronok (D:9)
  A vault guard (D:13)
  Josephine (D:14)
  Harold (D:14)
  2 hydras
  Nessos (D:13)
  The ghost of Meamyr the Nimble, a powerful KoBe of Trog (Orc:4)
  3 centaur warriors
  An unseen horror (D:13)
  7 slime creatures (D:13)
  7 hill giants
  5 orc knights
  2 orc sorcerers
  2 wizards
  4 ugly things
  4 manticores
  A griffon (D:14)
  A draconian (shapeshifter) (D:14)
  A hornet (shapeshifter) (D:13)
  A cyclops (D:13)
  A centaur zombie (D:11)
  A gargoyle (D:14)
  A kobold demonologist (D:14)
  Psyche (D:13)
  3 yaktaurs
  4 centaur skeletons
  5 trolls
  A freezing wraith (D:13)
  The ghost of Musteatbrain the Chopper, an average DsFi of Okawaru (D:5)
  Sonja (D:10)
  2 two-headed ogres
  Grinder (D:6)
  6 wraiths
  20 yaks
  2 deep elf magi (D:13)
  2 wyverns
  4 hungry ghosts
  Grum (D:8)
  A steam dragon (D:10)
  3 water moccasins
  7 wargs
  2 hippogriffs
  A soldier ant (shapeshifter) (D:13)
  3 wolves (D:8)
  3 sky beasts
  2 mottled dragons
  43 orc warriors
  4 necrophages (D:10)
  6 black bears
  10 ice beasts
  2 phantoms
  A crocodile (Lair:1)
  12 ogres
  9 centaurs
  A wasp (D:14)
  Sigmund (D:6)
  Duvessa (D:6)
  4 big kobolds
  13 giant frogs
  7 scorpions
  4 jellies
  A wyvern skeleton (D:13)
  12 wights
  27 killer bees
  9 crimson imps
  Dowan (D:6)
  A goliath beetle (D:7)
  A quasit (D:9)
  7 hounds
  30 orc priests
  5 giant frog zombies
  A gnoll shaman (D:7)
  5 iguanas
  2 giant frog skeletons (D:13)
  42 orc wizards
  11 worker ants
  An ogre zombie (Orc:1)
  A hound zombie (D:5)
  A hound skeleton (D:8)
  A mummy (D:8)
  8 river rats (Lair:1)
  7 adders
  10 gnolls
  3 shadow imps
  A giant mite (D:6)
  2 worms
  An ufetubus (D:14)
  2 adder zombies
  An adder skeleton (D:4)
  6 giant geckos
  An ooze (D:2)
  233 orcs
  A ball python (D:4)
  19 hobgoblins
  7 jackals
  23 kobolds
  7 quokkas
  9 bats
  5 giant cockroaches
  A giant gecko skeleton (D:4)
  2 giant newts
  2 gnoll zombies (D:4)
  20 goblins
  A hobgoblin zombie (Orc:1)
  3 jackal skeletons
  2 orc zombies (Orc:1)
  A quokka skeleton (D:9)
  A quokka zombie (D:10)
  16 rats
  7 ballistomycetes
  4 fungi (D:9)
  2 plants (D:9)
812 creatures vanquished.

Vanquished Creatures (others)
  5 giant spores
  A ballistomycete (D:6)
  A fungus (D:9)
  A plant (Lair:1)
8 creatures vanquished.

Grand Total: 820 creatures vanquished

Notes
Turn   | Place    | Note
--------------------------------------------------------------
     0 | D:1      | Shlakoblock, the Minotaur Fighter, began the quest for the Orb.
     0 | D:1      | Reached XP level 1. HP: 19/19 MP: 1/1
   424 | D:1      | Reached XP level 2. HP: 24/27 MP: 1/1
   478 | D:1      | Reached skill level 4 in Armour
   844 | D:2      | Found an iron altar of Okawaru.
  1009 | D:2      | Found a stormy altar of Qazlal.
  1009 | D:2      | Found a radiant altar of Vehumet.
  1009 | D:2      | Found a deep blue altar of Sif Muna.
  1024 | D:2      | Found an ancient bone altar of Kikubaaqudgha.
  1028 | D:2      | Found a shadowy altar of Dithmenos.
  1171 | D:2      | Found an opulent altar of Gozag.
  1172 | D:2      | Found a glowing silver altar of Zin.
  1227 | D:2      | Reached XP level 3. HP: 33/33 MP: 2/2
  1562 | D:2      | Became a worshipper of Warmaster Okawaru
  2416 | D:4      | Reached XP level 4. HP: 40/40 MP: 2/2
  2419 | D:4      | Found a sparkling altar of Nemelex Xobeh.
  2718 | D:4      | Noticed an ogre
  2723 | D:4      | Killed an ogre
  2723 | D:4      | Reached skill level 5 in Armour
  2723 | D:4      | Reached XP level 5. HP: 36/47 MP: 2/2
  2966 | D:4      | Found a burning altar of Makhleb.
  3039 | D:4      | Found a basalt altar of Yredelemnul.
  3116 | D:5      | Entered Level 5 of the Dungeon
  3118 | D:5      | Noticed a centaur
  3320 | D:5      | Killed a centaur
  3320 | D:5      | Reached skill level 5 in Shields
  3533 | D:5      | Reached skill level 5 in Fighting
  3533 | D:5      | Reached XP level 6. HP: 54/56 MP: 3/3
  3584 | D:5      | Acquired Okawaru's first power
  3642 | D:5      | Noticed Musteatbrain's ghost (average DsFi)
  3659 | D:4      | Reached skill level 6 in Armour
  3839 | D:5      | Noticed an ogre
  3847 | D:5      | Killed an ogre
  4204 | D:4      | Reached skill level 5 in Axes
  4204 | D:4      | Reached XP level 7. HP: 20/61 MP: 3/3
  4220 | D:5      | HP: 3/61 [sky beast (5)]
  4530 | D:5      | Killed Musteatbrain's ghost
  4530 | D:5      | Reached skill level 7 in Armour
  4984 | D:5      | Found a staircase to the Ecumenical Temple.
  5266 | D:5      | Found a burning altar of Makhleb.
  5405 | D:6      | Reached XP level 8. HP: 70/70 MP: 3/3
  5732 | D:6      | Reached skill level 8 in Armour
  5766 | D:6      | Noticed Sigmund
  5774 | D:6      | Killed Sigmund
  6129 | D:6      | Noticed Duvessa
  6129 | D:6      | Reached XP level 9. HP: 68/79 MP: 4/4
  6133 | D:6      | Killed Duvessa
  6138 | D:6      | Noticed Dowan
  6143 | D:6      | Killed Dowan
  6152 | D:6      | Noticed Grinder
  6160 | D:6      | Killed Grinder
  6599 | D:7      | Reached skill level 9 in Armour
  6712 | D:7      | Received a gift from Okawaru
  6996 | D:7      | Found Siozauwk's Antique Armour Emporium.
  7997 | D:8      | Noticed Grum
  8008 | D:8      | Reached skill level 10 in Axes
  8008 | D:8      | Reached XP level 10. HP: 73/88 MP: 4/4
  8502 | D:8      | Reached skill level 10 in Armour
  8799 | D:8      | Killed Grum
  9567 | D:9      | Found a staircase to the Lair.
  9751 | Lair:1   | Entered Level 1 of the Lair of Beasts
  9795 | Lair:1   | Reached skill level 10 in Shields
 10040 | Lair:1   | Noticed a five-headed hydra
 10142 | Lair:1   | Reached skill level 11 in Axes
 10683 | D:9      | Noticed Gastronok
 10702 | D:9      | Killed Gastronok
 10847 | D:9      | Reached XP level 11. HP: 75/97 MP: 4/4
 11445 | D:9      | Acquired Okawaru's second power
 11995 | D:9      | Found a blossoming altar of Fedhas.
 12010 | D:9      | Noticed an oklob plant
 12247 | D:10     | Entered Level 10 of the Dungeon
 12377 | D:10     | Noticed Sonja
 12672 | D:10     | Found a staircase to the Orcish Mines.
 12704 | Orc:1    | Entered Level 1 of the Orcish Mines
 13179 | Orc:1    | Reached skill level 12 in Axes
 13226 | Orc:1    | Received a gift from Okawaru
 13282 | Orc:1    | Found a roughly hewn altar of Beogh.
 13694 | Orc:1    | Reached skill level 10 in Fighting
 14288 | Orc:2    | Found Vin Car's Armour Boutique.
 15171 | Orc:3    | You fall through a shaft!
 15171 | Orc:4    | Entered Level 4 of the Orcish Mines
 15171 | Orc:4    | Noticed an orc warlord
 15408 | Orc:2    | Found a roughly hewn altar of Beogh.
 16065 | Orc:4    | Found Mnoun's Gadget Emporium.
 16344 | Orc:3    | Reached XP level 12. HP: 108/108 MP: 5/5
 16383 | Orc:4    | Received a gift from Okawaru
 16402 | Orc:4    | Got an encrusted shield {god gift}
 16416 | Orc:4    | Identified the +3 shield of Baldness {+Inv rF- Int+6 Stlth-} (Okawaru gifted it to you on level 4 of the Orcish Mines)
 16457 | Orc:3    | Killed an orc warlord
 16457 | Orc:3    | Reached skill level 13 in Axes
 16904 | Orc:4    | Noticed Saint Roka
 17029 | Orc:4    | Noticed Meamyr's ghost (powerful KoBe)
 17880 | Orc:4    | Killed Meamyr's ghost
 17996 | Orc:4    | Found a staircase to the Elven Halls.
 18138 | Orc:4    | Noticed an orc high priest
 18713 | D:10     | Noticed a hill giant
 18720 | D:10     | Killed a hill giant
 19070 | D:10     | Killed Sonja
 19638 | D:11     | Reached skill level 14 in Axes
 19795 | D:11     | Received a gift from Okawaru
 19973 | D:11     | Found a radiant altar of Vehumet.
 20387 | D:11     | Noticed a centaur warrior
 20408 | D:11     | Killed a centaur warrior
 21674 | D:12     | Reached XP level 13. HP: 118/118 MP: 5/5
 21713 | D:12     | Found a snail-covered altar of Cheibriados.
 22881 | D:13     | Received a gift from Okawaru
 22890 | D:13     | Got a faintly glowing broad axe {god gift}
 22891 | D:13     | Identified the +7 broad axe "Mimnit" {chop, +Inv rElec Str-3 Int+4 Stlth+} (Okawaru gifted it to you on level 13 of the Dungeon)
 22952 | D:13     | Found Estral's Armour Emporium.
 23133 | D:13     | Reached skill level 15 in Axes
 23280 | D:13     | Noticed Psyche
 23293 | D:13     | Killed Psyche
 23525 | D:13     | Noticed Nessos
 23528 | D:13     | Found Xuthodaj's Gadget Emporium.
 23552 | D:13     | Killed Nessos
 24134 | D:13     | Found a gate to the Vaults.
 24264 | D:13     | Found Bauthar's Magic Scroll Shop.
 24277 | D:13     | Bought a scroll of enchant armour for 120 gold pieces
 24277 | D:13     | Bought a scroll of identify for 32 gold pieces
 24277 | D:13     | Bought a scroll of remove curse for 48 gold pieces
 24277 | D:13     | Bought a scroll of identify for 32 gold pieces
 24277 | D:13     | Bought a scroll of remove curse for 48 gold pieces
 24277 | D:13     | Bought a scroll of identify for 32 gold pieces
 24277 | D:13     | Bought a scroll of blinking for 120 gold pieces
 24555 | D:12     | Received a gift from Okawaru
 25295 | D:13     | Found Faselo's Food Emporium.
 25303 | D:13     | Bought a bread ration for 70 gold pieces
 25303 | D:13     | Bought a meat ration for 70 gold pieces
 25303 | D:13     | Bought a beef jerky for 21 gold pieces
 25303 | D:13     | Bought a fruit for 21 gold pieces
 25303 | D:13     | Bought a royal jelly for 28 gold pieces
 25303 | D:13     | Bought a beef jerky for 21 gold pieces
 25303 | D:13     | Bought a meat ration for 70 gold pieces
 25303 | D:13     | Bought a beef jerky for 21 gold pieces
 25303 | D:13     | Bought a bread ration for 70 gold pieces
 25303 | D:13     | Bought a bread ration for 70 gold pieces
 25303 | D:13     | Bought a bread ration for 70 gold pieces
 27402 | D:14     | Reached XP level 14. HP: 121/129 MP: 5/5
 27451 | D:14     | Noticed Josephine
 27457 | D:14     | Killed Josephine
 27821 | D:14     | Noticed Harold
 27832 | D:14     | Killed Harold
 28091 | D:14     | Reached skill level 16 in Axes
 28096 | D:14     | Received a gift from Okawaru
 28187 | D:15     | Entered Level 15 of the Dungeon
 28405 | D:15     | Reached skill level 15 in Shields
 28657 | D:15     | Found a staircase to the Depths.
 28658 | D:15     | Noticed a fire giant
 28676 | D:15     | Killed from afar by a fire giant

Action                   |  1- 3 |  4- 6 |  7- 9 | 10-12 | 13-15 || total
-------------------------+-------+-------+-------+-------+-------++-------
Melee: War axe           |   108 |   101 |   347 |   896 |       ||  1452
       Broad axe         |       |       |       |   372 |   409 ||   781
       Unarmed           |       |       |       |       |    27 ||    27
       Whip              |       |       |       |       |    13 ||    13
       Flail             |       |       |       |       |     8 ||     8
Invok: Heroism           |       |       |     5 |     8 |     6 ||    19
Evoke: Wand              |       |       |       |     2 |       ||     2
  Use: Potion            |       |     1 |     3 |    10 |     3 ||    17
       Scroll            |       |       |     7 |    15 |    15 ||    37
  Eat: Chunk             |     1 |     5 |     8 |    32 |    10 ||    56
       Pizza             |     1 |       |     1 |       |       ||     2
       Royal jelly       |     1 |       |       |     1 |     1 ||     3
       Fruit             |       |     1 |     4 |    13 |    14 ||    32
